 Dungeon Crawl Stone Soup version 0.30.1-3-gfc49f6343a (webtiles) character file.

Game seed: 9387613334813315856

67 shmup the Firebug (level 4, 0/24 HPs)
             Began as a Tengu Fire Elementalist on Aug 6, 2023.
             Slain by a phantom (4 damage)
             ... on level 3 of the Dungeon.
             The game lasted 00:04:04 (2076 turns).

shmup the Firebug (Tengu Fire Elementalist)         Turns: 2076, Time: 00:04:04

Health: 0/24       AC:  2    Str:  9    XL:     4   Next: 16%
Magic:  0/8        EV: 12    Int: 17    God:
Gold:   122        SH:  0    Dex: 14    Spells: 4/7 levels left

rFire   . . .        a - +2 dagger (venom)
rCold   . . .        (no shield)
rNeg    . . .        i - +0 robe
rPois   .            (helmet restricted)
rElec   .            (no cloak)
rCorr   .            (no gloves)
SInv    .            (boots unavailable)
Will    .....        (no amulet)
Stlth   ++           (no ring)
HPRegen 0.24/turn    (no ring)
MPRegen 0.11/turn

%: no passive effects
@: no status effects
A: beak, talons 3
a: no special abilities


You were on level 3 of the Dungeon.
You visited 1 branch of the dungeon, and saw 3 of its levels.

You collected 122 gold pieces.

Inventory:

Hand Weapons
 a - a +2 dagger of venom (weapon)
 e - a +0 dagger
Missiles
 c - 2 poisoned darts (quivered)
 d - 18 stones
Armour
 i - a +0 robe (worn)
Jewellery
 r - a +6 ring of dexterity
Scrolls
 g - a scroll of blinking {unknown}
 m - a scroll of magic mapping
 o - a scroll of poison {unknown}
 q - a scroll of teleportation {unknown}
Potions
 b - a potion of magic
 f - 2 potions of curing {unknown}
 h - 2 potions of heal wounds
 j - a potion of attraction {unknown}
 k - 2 potions of invisibility {unknown}
 l - a potion of degeneration {unknown}
 n - 4 potions of might {unknown}
 p - a potion of mutation {unknown}


   Skills:
 - Level 2.1 Dodging
 - Level 2.0 Stealth
 - Level 2.0 Spellcasting
 + Level 3.1 Conjurations
 * Level 4.8 Fire Magic


You had 4 spell levels left.
You knew the following spells:

 Your Spells              Type           Power      Damage    Failure   Level
a - Foxfire               Conj/Fire      60%        2x1d7     3%          1
b - Scorch                Fire           36%        2d6       4%          2

Your spell library contained the following spells:

 Spells                   Type           Power      Damage    Failure   Level
 Inner Flame              Hex/Fire       9%         N/A       22%         3
 Volatile Blastmotes      Fire/Tloc      18%        2d11      22%         3
 Flame Wave               Conj/Fire      15%        2d7       36%         4


Dungeon Overview and Level Annotations

Branches:
Dungeon (3/15) Zot: 15923

Altars:
Gozag
Kikubaaqudgha
Xom

Shops:
D:1 *


Innate Abilities, Weirdness & Mutations

You have a beak for a mouth.
You have claws for feet.


Message History

The ball python appears confused.
The foxfire hits the rat.
You kill the rat!
The foxfire hits the phantom.
The phantom is lightly damaged.
Your foxfire dissipates!
The phantom hits you.
There is a stone staircase leading down, spattered with blood here.
Items here: % ).
The phantom attacks as you move away!
The phantom hits you but does no damage.
The phantom attacks as you move away! The phantom hits you.
Casting: Foxfire (safe; 3% risk of failure)
Confirm with . or Enter, or press ? or * to list all spells.
Flames lash the phantom.
The phantom is moderately damaged.
The phantom's fire resistance burns away.
The phantom hits you.
* * * LOW HITPOINT WARNING * * *
The phantom blinks!
You blink.
Casting: Scorch (safe; 4% risk of failure)
Confirm with . or Enter, or press ? or * to list all spells.
Flames lash the phantom.
The phantom is burned terribly!
The phantom is severely damaged.
The phantom hits you.
* * * LOW HITPOINT WARNING * * *
Unknown command.
Unknown command.
Casting: Scorch (safe; 4% risk of failure)
Confirm with . or Enter, or press ? or * to list all spells.
Flames lash the phantom.
The phantom is burned terribly!
The phantom is almost destroyed.
The kobold hits you with a +0 short sword.
* * * LOW HITPOINT WARNING * * *
The phantom hits you.
* * * LOW HITPOINT WARNING * * *
The phantom blinks!
You blink.
Found an opulent altar of Gozag.
You barely miss the phantom.
The phantom is almost destroyed.
The phantom hits you.
You die...

....... .._..
...... 8...
... ▒▒▒
▒▒▒▒▒.▒▒▒.▒
..▒▒.W▒▒.▒
▒.▒▒Q.▒▒.▒
▒.▒▒.....▒
▒.....K#.▒
▒.....▒▒.▒▒>▒▒
▒.▒.▒▒▒▒.▒▒B▒
▒# ▒.▒▒.▒ #
▒.▒▒#▒▒▒▒▒▒.▒
.~
▒.▒▒#▒......
S0 ▒.......▒


You could see a phantom (combustible), a giant cockroach and a kobold.

Vanquished Creatures
  2 worms
  3 dart slugs
  5 endoplasms
  3 giant cockroaches (D:2)
  8 goblins
  6 hobgoblins
  2 quokkas (D:1)
  3 ball pythons (D:1)
  5 bats
  5 frilled lizards
  4 kobolds
  8 rats
54 creatures vanquished.

Vanquished Creatures (others)
  A ball python (D:3)
  100 foxfires
101 creatures vanquished.

Grand Total: 155 creatures vanquished

Notes
Turn   | Place    | Note
-------+----------+-------------------------------------------
     0 | D:1      | shmup the Tengu Fire Elementalist began the quest for the
                  | Orb.
     0 | D:1      | Reached XP level 1. HP: 10/10 MP: 4/4
    33 | D:1      | Found Jirofiaj's Assorted Antiques.
   161 | D:1      | Reached XP level 2. HP: 15/15 MP: 0/6
   229 | D:1      | Learned a level 2 spell: Scorch
   348 | D:1      | Reached skill level 4 in Fire Magic
   454 | D:1      | Reached XP level 3. HP: 19/19 MP: 5/7
  1165 | D:2      | Found a faded altar of an unknown god.
  1789 | D:3      | Reached XP level 4. HP: 24/24 MP: 2/8
  1894 | D:3      | Found an ancient bone altar of Kikubaaqudgha.
  2051 | D:3      | Found a shimmering altar of Xom.
  2056 | D:3      | Noticed a phantom
  2075 | D:3      | Found an opulent altar of Gozag.
  2076 | D:3      | Slain by a phantom

Illustrated notes

Levels and vault maps discovered:
D:1:      dpeg_arrival_shrine, layout_rooms, serial_shops, nicolae_shop_crystal
D:2:      layout_loops_ring, chequers_ecumenical_altar_simple
D:3:      layout_loops_ring, grunt_gozag_statues, xom_confusion_cloud,
          kiku_gazebo_pond_becter, lightli_temple_of_fire

Skill      XL: |  1  2  3  4 |
---------------+-------------+-----
Conjurations   | 2 3 |  3.1
Fire Magic     | 4 |  4.8
Dodging        | |  2.1
Stealth        | |  2.0
Spellcasting   | |  2.0

Action                     |  1- 3 |  4- 6 || total
---------------------------+-------+-------++-------
  Melee: Dagger            |    21 |     5 ||    26
         Kick              |     7 |       ||     7
         Peck              |     1 |       ||     1
   Cast: Foxfire           |    53 |     8 ||    61
         Scorch            |     4 |     3 ||     7
    Use: Scroll            |     1 |       ||     1
   Stab: Sleeping          |     1 |       ||     1
 Armour: Robe              |     4 |     1 ||     5
  Dodge: Dodged            |    10 |     2 ||    12
